AoeStats
← Gonz

Arabia

505788758Analyzed
3v3 RM · 21d ago on Sep 11, 2026· 39m 14s· 6 players
Game mode
Random Map
Map size
Normal (6 player)
Population
200
Speed
Normal
Resources
Standard
Victory
Conquest
Starting age
Dark Age
Ending age
Imperial Age
RankedLock teamsTeams togetherTeam positionsShared explorationLock speedFull tech treeHidden civsTurbo modeCheats
Victory
Defeat
🇨🇴 Khmer · Colombia
1386
+13
🇨🇴 Shu · Colombia
1383
+13
🇺🇸 Bohemians · United States
1358
+14
🇦🇷 Franks · Argentina
1416
-16
🇦🇷 Vietnamese · Argentina
1395
-16
🇦🇷 Ethiopians · Argentina
1155
-8
Nachom
6:31 Loom
9:18 Feudal Age
10:01 Double-Bit Axe
13:48 Fletching
14:37 Padded Archer Armor
18:12 Horse Collar
23:35 Castle Age
22:01 Gold Mining
22:04 Stone Mining
24:43 Bodkin Arrow
25:47 Leather Archer Armor
32:10 Thumb Ring
36:53 Scale Mail Armor
37:50 Chain Mail Armor
39:23 Forging
39:32 Squires
Nicoc
9:22 Feudal Age
9:19 Loom
10:49 Double-Bit Axe
14:59 Scale Barding Armor
17:19 Forging
24:06 Castle Age
24:08 Light Cavalry
25:11 Chain Barding Armor
25:26 Iron Casting
28:05 Husbandry
36:43 Fletching
Gonz
6:41 Loom
10:04 Feudal Age
37:16 Fletching
Marcus
6:09 Loom
9:22 Feudal Age
10:06 Double-Bit Axe
12:01 Fletching
15:41 Padded Archer Armor
17:16 Horse Collar
23:35 Castle Age
21:48 Gold Mining
23:42 Crossbowman
24:19 Bodkin Arrow
24:54 Leather Archer Armor
27:42 Wheelbarrow
27:52 Bow Saw
28:39 Thumb Ring
29:02 Pikeman
29:56 Forging
29:47 Scale Mail Armor
30:32 Squires
31:36 Ballistics
35:27 Heavy Plow
KKROTO
7:25 Loom
9:56 Feudal Age
10:51 Double-Bit Axe
15:35 Fletching
16:31 Padded Archer Armor
26:22 Castle Age
27:00 Bodkin Arrow
26:28 Crossbowman
27:54 Leather Archer Armor
28:50 Elite Skirmisher
31:02 Chemistry
31:50 Fervor
33:22 Horse Collar
36:16 Ballistics
Kolots
6:42 Loom
9:20 Feudal Age
10:42 Wheelbarrow
10:47 Double-Bit Axe
17:08 Town Watch
21:46 Castle Age
20:13 Bloodlines
21:56 Scale Barding Armor
22:24 Light Cavalry
24:15 Forging
27:05 Bow Saw
26:57 Horse Collar
30:37 Chain Barding Armor
31:02 Husbandry
31:36 Heavy Plow
33:18 Iron Casting
34:54 Hand Cart
40:18 Imperial Age
38:04 Stone Mining
38:05 Gold Mining
Connection lost

Rejoining the realm…

Still unreachable

The connection could not be restored.

Session expired

The server has moved on; the page needs a fresh start.